 Dungeon Crawl Stone Soup version 0.29.1-15-g9cfb28693d (webtiles) character file.

Game seed: 9170778742226539777

522 Lenny the Trooper (level 7, -3/58 HPs)
             Began as a Formicid Abyssal Knight on Sept 1, 2023.
             Was a Believer of Lugonu.
             Slain by an ice beast (4 damage)
             ... on level 5 of the Dungeon.
             The game lasted 00:07:00 (3056 turns).

Lenny the Trooper (Formicid Abyssal Knight)         Turns: 3056, Time: 00:07:01

Health: -3/58      AC:  6    Str: 19    XL:     7   Next: 46%
Magic:  9/9        EV: 12    Int: 10    God:    Lugonu [**....]
Gold:   79         SH:  0    Dex: 14    Spells: 5/6 levels left

rFire   . . .      SeeInvis +   c - +2 short sword (venom)
rCold   . . .      Faith    .   (no shield)
rNeg    . . .      Spirit   .   e - +2 robe {Will+}
rPois   .          Reflect  .   (helmet unavailable)
rElec   .          Harm     .   i - +0 cloak
rCorr   .          Rampage  .   (no gloves)
Will    +....                   g - +0 pair of boots
Stlth   ++........              (no amulet)
HPRegen 0.19/turn               (no ring)
MPRegen 0.11/turn               (no ring)

@: no status effects
A: permanent stasis, dig shafts and tunnels, antennae 3, four strong arms
a: Dig, Shaft Self, Renounce Religion, Depart the Abyss, Bend Space


You were on level 5 of the Dungeon.
You worshipped Lugonu.
Lugonu was pleased with you.
You visited 1 branch of the dungeon, and saw 5 of its levels.
You visited the Abyss 1 time.

You collected 79 gold pieces.

Inventory:

Hand Weapons
 a - a +1 spear
 c - a +2 short sword of venom (weapon)
Armour
 b - a +0 leather armour
 e - a +2 robe of willpower (worn)
 g - a +0 pair of boots (worn)
 i - a +0 cloak (worn)
Scrolls
 d - a scroll of poison {unknown}
 l - a scroll of teleportation {unknown}
 m - a scroll of fear {unknown}
Potions
 f - a potion of degeneration {unknown}
 h - a potion of flight {unknown}
 j - a potion of invisibility {unknown}
 k - a potion of attraction {unknown}


   Skills:
 + Level 6.2 Fighting
 + Level 2.2 Short Blades
 + Level 3.0 Polearms
 + Level 3.3 Armour
 + Level 2.6 Dodging
 + Level 1.0 Stealth
 + Level 3.1 Invocations


You had 5 spell levels left.
You knew the following spells:

 Your Spells              Type           Power      Damage    Failure   Level
a - Slow                  Hex            0%         N/A       36%         1

Your spell library contained the following spells:

 Spells                   Type           Power      Damage    Failure   Level
 Apportation              Tloc           0%         N/A       36%         1
 Necrotise                Necr           0%         1d4       36%         1
 Summon Small Mammal      Summ           0%         N/A       36%         1
 Confusing Touch          Hex            0%         N/A       75%         3
 Vampiric Draining        Necr           0%         2d6       75%         3


Dungeon Overview and Level Annotations

Branches:
Dungeon (5/15)
 Temple: D:4-7

Altars:

Shops:
D:2 *   D:4 *


Innate Abilities, Weirdness & Mutations

You cannot be hasted, slowed, berserked, paralysed or teleported.
You can dig through walls and to a lower floor.
You have a pair of large antennae on your head. (SInv)
Your four strong arms can wield two-handed weapons with a shield.


Message History

You hit the ice beast but do no damage.
The ice beast is moderately wounded.
The ice beast misses you.
You closely miss the ice beast.
The ice beast is moderately wounded.
The ice beast hits you. The ice beast freezes you!
You hit the ice beast but do no damage.
The ice beast is moderately wounded.
The ice beast closely misses you.
You closely miss the ice beast.
The ice beast is moderately wounded.
The ice beast hits you. The ice beast freezes you!
* * * LOW HITPOINT WARNING * * *
You completely miss the ice beast.
The ice beast is moderately wounded.
The ice beast hits you but does no damage.
You hit the ice beast but do no damage.
The ice beast is moderately wounded.
The ice beast hits you but does no damage.
You hit the ice beast but do no damage.
The ice beast is poisoned.
The ice beast is moderately wounded.
The ice beast misses you.
You hit the ice beast but do no damage.
The ice beast looks as sick as possible!
The ice beast is moderately wounded.
The ice beast hits you but does no damage.
You hit the ice beast.
The ice beast is heavily wounded.
The ice beast barely misses you.
You closely miss the ice beast.
The ice beast is severely wounded.
The ice beast hits you.
* * * LOW HITPOINT WARNING * * *
The ice beast freezes you!
* * * LOW HITPOINT WARNING * * *
You hit the ice beast but do no damage.
The ice beast looks as sick as possible!
The ice beast is severely wounded.
The ice beast hits you.
You die...

..........####
.#.####......#
#.#.#......
#.#.# (####
#.#.# # # #.#.#
.# #.. #.#.#..#
.....#./....#
.......Y@#...#
......#......#
......#.#.#..#
.<... ..........
#.....#####...##
#..... ...#
#.#.# #.# #. .#


You could see an ice beast (extremely poisoned).

Vanquished Creatures
  Sigmund (D:2)
  A black bear (D:5)
  A bullfrog (D:4)
  A scorpion (D:5)
  A hound (D:4)
  An iguana (D:5)
  4 gnolls (D:3)
  2 adders
  A white imp (D:5)
  A dart slug (D:2)
  2 endoplasms
  4 goblins
  4 hobgoblins
  3 kobolds
  2 quokkas (D:2)
  2 ball pythons (D:2)
  2 frilled lizards
  A rat (D:2)
34 creatures vanquished.

Vanquished Creatures (others)
  4 plants (D:2)
4 creatures vanquished.

Grand Total: 38 creatures vanquished

Notes
Turn   | Place    | Note
-------+----------+-------------------------------------------
     0 | Abyss:1  | Lenny the Formicid Abyssal Knight began the quest for the
                  | Orb.
     0 | Abyss:1  | Reached XP level 1. HP: 18/18 MP: 2/2
     3 | Abyss:1  | Found a corrupted altar of Lugonu.
    26 | D:1      | Escaped the Abyss
   417 | D:2      | Noticed Sigmund
   417 | D:2      | Found Kocifuth's Assorted Antiques.
   425 | D:2      | Killed Sigmund
   426 | D:2      | Reached skill level 5 in Fighting
   426 | D:2      | Reached XP level 2. HP: 12/27 MP: 4/4
   426 | D:2      | Reached XP level 3. HP: 15/33 MP: 5/5
   426 | D:2      | Reached XP level 4. HP: 18/39 MP: 6/6
   426 | D:2      | Reached XP level 5. HP: 20/44 MP: 7/7
  1250 | D:2      | Learned a level 1 spell: Slow
  1452 | D:3      | Reached skill level 1 in Dodging
  1452 | D:3      | Reached XP level 6. HP: 29/51 MP: 8/8
  2020 | D:4      | Reached skill level 1 in Short Blades
  2617 | D:4      | Found Buduttenez's General Store.
  2643 | D:5      | Entered Level 5 of the Dungeon
  2643 | D:5      | Noticed a black bear
  2653 | D:5      | Killed a black bear
  2654 | D:5      | Reached skill level 6 in Fighting
  2654 | D:5      | Reached XP level 7. HP: 39/58 MP: 9/9
  2658 | D:5      | Reached skill level 1 in Stealth
  3055 | D:5      | HP: 1/58 [ice beast (13)]
  3056 | D:5      | Slain by an ice beast

Illustrated notes

Levels and vault maps discovered:
D:1:      minmay_arrival_wavy_path, layout_basic
D:2:      layout_loops_ring, hellmonk_ecumenical_altar_zigzags, serial_shops,
          nicolae_shop_overgrown_old_shop, chequers_arboretum,
          amcnicky_mini_pool_small, uniq_sigmund
D:3:      layout_basic, roderic_malta_cross, grunt_ministairs_12
D:4:      layout_gridville, palyth_temple_overflow_mages, amcnicky_altar_gilded,
          serial_shops, nicolae_shop_statue_plus, nicolae_stop_n_shop_2
D:5:      layout_loops_ring, kennysheep_slug_shrine, serial_shops,
          nicolae_stop_n_shop_1, uniq_eustachio

Skill      XL: |  1  2  3  4  5  6  7 |
---------------+----------------------+-----
Fighting       | 5 6 |  6.2
Armour         | 3 |  3.3
Invocations    | 3 |  3.1
Dodging        | 1 2 |  2.6
Polearms       | 3 |  3.0
Short Blades   | 1 2 |  2.2
Stealth        | 1 |  1.0

Action                   |  1- 3 |  4- 6 |  7- 9 || total
-------------------------+-------+-------+-------++-------
Melee: Spear             |    10 |       |       ||    10
       Short sword       |     8 |   106 |    34 ||   148
       Punch             |     1 |       |       ||     1
Invok: Depart the Abyss  |     1 |       |       ||     1
       Bend Space        |       |     1 |       ||     1
Armor: Leather armour    |     1 |       |       ||     1
       Robe              |       |    48 |    17 ||    65
Dodge: Dodged            |     9 |    99 |    22 ||   130
